 Dungeon Crawl Stone Soup version 0.23.0-3-gf3c87f2 (webtiles) character file.

Game seed: 4509829570425863944

371648 happinesssam the Metallomancer (level 22, -6/147 HPs)
             Began as a Gargoyle Earth Elementalist on Feb 20, 2019.
             Was the Champion of Vehumet.
             Hit by a large rock thrown by a stone giant (40 damage)
             ... on level 5 of the Vaults on Feb 24, 2019.
             The game lasted 04:54:11 (53832 turns).

happinesssam the Metallomancer (GrEE)              Turns: 53832, Time: 04:54:13

Health: -6/147     AC: 32    Str: 10    XL:     22   Next: 68%
Magic:  9/47       EV: 19    Int: 27    God:    Vehumet [******]
Gold:   3836       SH:  8    Dex: 18    Spells: 23/54 levels left

rFire    + + +     SeeInvis +   i - staff of earth
rCold    . . .     Gourm    .   y - +2 buckler
rNeg     + . .     Faith    .   V - +2 leather armour "Cowir" {Int+4 Slay+6}
rPois    ∞         Spirit   .   L - +2 helmet {SInv}
rElec    +         Reflect  .   h - +2 cloak {+Inv}
rCorr    .         Harm     .   t - +1 pair of gloves {Dex+3}
MR       +....                  c - +2 pair of boots of Ethrakh {+Inv rF+}
Stlth    ++........             T - amulet of Xom's Best Wishes {rF++ Regen+ Str-5 Dex+5}
HPRegen  1.74/turn              l - ring of magical power
MPRegen  0.30/turn              B - ring of wizardry

@: flying, fainting, regenerating, slowed, very slow
A: big wings, low mp 1, negative energy resistance 1, electricity resistance,
unbreathing, petrification resistance, rot immunity, AC +16
}: 2/15 runes: barnacled, gossamer
a: Stop Flying, Renounce Religion, Evoke Invisibility


You were on level 5 of the Vaults.
You worshipped Vehumet.
Vehumet was exalted by your worship.
You were fainting.

You visited 8 branches of the dungeon, and saw 40 of its levels.
You visited the Abyss 1 time.
You also visited: Wizlab.

You collected 5715 gold pieces.
You spent 1879 gold pieces at shops.

Inventory:

Hand Weapons
 C - a +8 demon trident of freezing
Missiles
 b - 772 stones (quivered)
Armour
 c - the +2 pair of boots of Ethrakh (worn) {+Inv rF+}
   (You found it on level 7 of the Dungeon)

   It protects you from fire.
   It lets you turn invisible.
 h - a +2 cloak of invisibility (worn)
 t - a +1 pair of gloves of dexterity (worn)
 y - a +2 buckler (worn)
 L - a +2 helmet of see invisible (worn)
 V - the +2 leather armour "Cowir" (worn) {Int+4 Slay+6}
   (You found it on level 4 of the Spider Nest)

   It affects your intelligence (+4).
   It affects your accuracy and damage with ranged weapons and melee attacks
   (+6).
Magical Staves
 i - an uncursed staff of earth (weapon)
Jewellery
 g - a +3 amulet of reflection
 l - a ring of magical power (left hand)
 s - an uncursed ring of positive energy
 B - a ring of wizardry (right hand)
 E - an uncursed ring of ice
 P - the ring "Neqodwyi" {rF+ Stlth+}
   (You found it in a wizard's laboratory)

   [ring of protection from fire]

   It protects you from fire.
   It makes you more stealthy.
 T - the amulet of Xom's Best Wishes (around neck) {rF++ Regen+ Str-5 Dex+5}
   (You found it on level 3 of the Elven Halls)

   [amulet of regeneration]

   It affects your strength (-5).
   It affects your dexterity (+5).
   It greatly protects you from fire.
   It increases your rate of regeneration.
 Y - the ring "Doyffamo" {rCorr rPois rC- Str+5 Slay+3}
   (You took it off a deep elf death mage on level 3 of the Elven Halls)

   [ring of resist corrosion]

   It affects your strength (+5).
   It affects your accuracy and damage with ranged weapons and melee attacks
   (+3).
   It makes you vulnerable to cold.
   It protects you from poison.
Wands
 j - a wand of acid (14)
 n - a wand of polymorph (29)
 A - a wand of disintegration (37)
 F - a wand of iceblast (10)
 G - a wand of digging (5)
 U - a wand of enslavement (26)
 W - a wand of paralysis (21)
Scrolls
 f - a scroll of blinking
 k - 22 scrolls of remove curse
 m - 2 scrolls of fog
 o - 3 scrolls of enchant armour
 r - 10 scrolls of teleportation
 x - a scroll of holy word
 D - 2 scrolls of magic mapping
 M - 7 scrolls of identify
 R - 2 scrolls of fear
 Z - 6 scrolls of summoning
Potions
 a - 6 potions of agility
 e - 22 potions of mutation
 p - 11 potions of curing
 q - 4 potions of ambrosia
 u - 5 potions of might
 v - 4 potions of cancellation
 z - a potion of heal wounds
 H - 5 potions of brilliance
 I - 5 potions of haste
 N - a potion of magic
 S - 3 potions of invisibility
Miscellaneous
 J - a phial of floods
 K - a lightning rod (4/4)
 O - a sack of spiders
 Q - a phantom mirror
 X - a crystal ball of energy
Comestibles
 d - 20 rations
 w - 3 chunks of flesh


   Skills:
 + Level 18.1 Fighting
 + Level 11.3 Polearms
 - Level 10.6 Dodging
 - Level 2.1 Stealth
 + Level 7.2 Shields
 * Level 16.8 Spellcasting
 - Level 14.0 Conjurations
 - Level 5.0 Charms
 - Level 0.7 Transmutations
 + Level 22.4 Earth Magic
 - Level 7.0 Evocations


You had 23 spell levels left.
You knew the following spells:

 Your Spells              Type           Power        Failure   Level  Hunger
a - Sandblast             Erth           ######       0%          1    None
b - Stone Arrow           Conj/Erth      ######       0%          3    None
c - Passwall              Tmut/Erth      #######.     1%          2    None
d - Lee's Rapid Deconstr  Erth           ########..   0%          5    None
e - Regeneration          Chrm/Necr      #####.....   1%          3    None
h - Shatter               Erth           ########..   3%          9    #######
i - Lehudib's Crystal Sp  Conj/Erth      ########..   1%          8    ######.

Your spell library contained the following spells:

 Spells                   Type           Power        Failure   Level  Hunger
 Fire Storm               Conj/Fire      ######....   100%        9    #######
 Tornado                  Air            ###.......   100%        9    #######
 Magic Dart               Conj           ####         0%          1    None
 Searing Ray              Conj           ######       0%          2    None
 Corona                   Hex            ###....      1%          1    None
 Flame Tongue             Conj/Fire      #####        1%          1    None
 Infusion                 Chrm           ####         1%          1    None
 Pain                     Necr           ###.         1%          1    None
 Shock                    Conj/Air       ####         1%          1    None
 Blink                    Tloc           N/A          1%          2    None
 Call Imp                 Summ           ###.....     1%          2    None
 Ensorcelled Hibernation  Hex/Ice        ###...       1%          2    None
 Poisonous Vapours        Pois/Air       ###...       1%          2    None
 Shroud of Golubria       Chrm/Tloc      #####.....   1%          2    None
 Slow                     Hex            ###.....     1%          2    None
 Song of Slaying          Chrm           #####...     1%          2    None
 Sticks to Snakes         Tmut           ####....     1%          2    None
 Swiftness                Chrm/Air       #####...     1%          2    None
 Throw Flame              Conj/Fire      ######       1%          2    None
 Conjure Flame            Conj/Fire      ######..     1%          3    None
 Dazzling Spray           Conj/Hex       ######       1%          3    None
 Ignite Poison            Fire/Tmut/Pois ###.....     1%          3    None
 Inner Flame              Hex/Fire       ###.....     1%          3    None
 Mephitic Cloud           Conj/Pois/Air  #####...     1%          3    None
 Spectral Weapon          Hex/Chrm       #####...     1%          3    None
 Static Discharge         Conj/Air       ######..     1%          3    None
 Force Lance              Conj/Tloc      ######..     1%          4    None
 Fulminant Prism          Conj/Hex       ######....   1%          4    None
 Iskenderun's Mystic Bla  Conj           #######.     1%          4    None
 Leda's Liquefaction      Hex/Erth       #######...   1%          4    None
 Petrify                  Tmut/Erth      #######.     1%          4    None
 Sticky Flame             Conj/Fire      ######..     1%          4    None
 Bolt of Magma            Conj/Fire/Erth #######...   1%          5    None
 Fireball                 Conj/Fire      ######....   1%          5    None
 Lightning Bolt           Conj/Air       ######....   1%          5    None
 Iron Shot                Conj/Erth      ########..   1%          6    ###....
 Confuse                  Hex            ###.....     3%          3    None
 Portal Projectile        Hex/Tloc       ###...       3%          3    None
 Tukima's Dance           Hex            ###.....     3%          3    None
 Airstrike                Air            ###.......   3%          4    None
 Bolt of Cold             Conj/Ice       ######....   3%          6    ###....
 Bolt of Fire             Conj/Fire      ######....   3%          6    ###....
 Freezing Cloud           Conj/Ice/Air   #####.....   8%          6    ###....
 Ice Form                 Ice/Tmut       ###.....     11%         4    None
 Cause Fear               Hex            ###.......   12%         4    None
 Metabolic Englaciation   Hex/Ice        ###.......   32%         5    None
 Ozocubu's Refrigeration  Ice            ###.......   38%         6    ###....
 Death Channel            Necr           ###.......   85%         6    ###....
 Simulacrum               Ice/Necr       ###.......   85%         6    ###....
 Ring of Flames           Chrm/Fire      #####.....   96%         7    #####..
 Controlled Blink         Tloc           N/A          100%        8    ######.
 Discord                  Hex            ###.......   100%        8    ######.
 Ignition                 Fire           ###.......   100%        8    ######.
 Statue Form              Tmut/Erth      Unusable     N/A         6    N/A

Dungeon Overview and Level Annotations

Branches:
Dungeon (15/15)            Temple (1/1) D:5            Lair (6/6) D:8
 Shoals (4/4) Lair:3       Spider (4/4) Lair:4        Slime (0/5) Lair:5
    Orc (2/2) D:10            Elf (3/3) Orc:2        Vaults (5/5) D:13
  Crypt (0/3) Vaults:2
 Depths: D:15

Altars:
Ashenzari
Cheibriados
Dithmenos
Elyvilon
Fedhas
Gozag
Hepliaklqana
Kikubaaqudgha
Makhleb
Nemelex Xobeh
Okawaru
Qazlal
Ru
Sif Muna
Trog
Uskayaw
Vehumet
Wu Jian
Xom
Yredelemnul
Zin
The Shining One
Beogh
Jiyva

Shops:
D:4 %   D:7 **(*   D:8 *   Orc:2 :*(?   Vaults:1 [   Vaults:4 [

Portals:
Pandemonium: Orc:2
Trove: D:14 (lose all piety)

Annotations:
D:7 Harold
D:13 3 runed translucent doors, Karim's ghost, novice FoGl
D:14 Louise
Lair:3 exclusion: oklob plant
Spider:2 3 runed translucent doors, Detar's ghost, adept HOFi
Orc:1 3 runed translucent doors, TheAlmogaver's ghost, journeyman GnWz
Elf:1 3 runed translucent doors
Elf:2 5 runed translucent doors
Vaults:1 exclusion: downstairs


Innate Abilities, Weirdness & Mutations

You are resistant to torment.
Your stone body is resilient. (AC +16)
You are immune to poison.
Your large and strong wings let you fly indefinitely.
You resist negative energy. (rN+)
You are resistant to electric shocks. (rElec)
You can survive without breathing.
You are immune to petrification.
You are immune to rotting.
Your magical capacity is low. (-10% MP)


Message History

The tengu reaver is heavily wounded.
The tengu reaver hits you but does no damage.
The tengu reaver pecks you but does no damage.
You block the tengu reaver's attack.
The stone giant throws a large rock.
The large rock misses you.
Casting: Lehudib's Crystal Spear (safe; 1% risk of failure)
Confirm with . or Enter, or press ? or * to list all spells.
You feel a surge of power!
The dungeon rumbles!
The tengu reaver is almost dead.
The battlesphere is almost destroyed.
The frost giant is almost dead.
The stone giant is moderately wounded.
Ka-crash!
You are fainting from starvation!
The tengu reaver points at you and mumbles some strange words.
The bolt of magma misses you.
The battlesphere fires!
The barrage of energy hits you!
* * * LOW HITPOINT WARNING * * *
The stone giant throws a large rock.
The large rock hits you!!!
You die...

....##. ...#..
.......#..... .
..........)... ..
..........)..#..#
.........C*....#
#########..#.....#.....#
............(...[.......
.............)..@.......
.........).....÷.Q......
...............†.......#
#########.....#.#.#....#
. .)...... ....... ..
........ ......# .. ...#
... ....).# .. .. ...C
...#).. .. ....


You could see a frost giant, a stone giant, a tengu reaver and a battlesphere.

Vanquished Creatures
  Mara (Vaults:2)
  An ancient lich (Vaults:5)
  Boris (twice) (Vaults:2 Vaults:4)
  Jory (Vaults:4)
  A golden dragon (Vaults:5)
  A mutant beast (WizLab)
  2 titans (Vaults:5)
  2 deep elf blademasters (Elf:3)
  2 deep elf master archers (Elf:3)
  A kraken (Shoals:1)
  2 sphinxes
  Agnes (Elf:2)
  A tengu reaver (Vaults:4)
  Roxanne (Spider:1)
  3 storm dragons
  A fire giant (Vaults:5)
  7 deep elf sorcerers
  9 vault wardens
  8 ghost moths
  6 emperor scorpions (Spider:4)
  4 deep elf elementalists
  9 ironheart preservers
  5 stone giants
  A war gargoyle (Vaults:5)
  5 very ugly things
  7 deep elf demonologists
  2 entropy weavers
  Azrael (D:14)
  A spark wasp (Spider:3)
  7 deep elf annihilators
  5 deep elf death magi
  3 merfolk javelineers (Shoals:4)
  5 merfolk impalers
  3 ettins (Vaults:5)
  Snorg (Lair:6)
  4 fire dragons
  6 yaktaur captains
  2 peacekeepers (Vaults:2)
  32 vault guards
  11 deep elf high priests
  2 great orbs of eyes
  5 rakshasas
  5 ice dragons
  Fannar (D:10)
  2 centaur warriors
  9 hydras
  3 alligator snapping turtles (Shoals:3)
  A death knight (Vaults:3)
  An anaconda (shapeshifter) (WizLab)
  2 merfolk aquamancers (Shoals:1)
  2 merfolk avatars (Shoals:4)
  12 dancing weapons
  A satyr (Shoals:3)
  32 two-headed ogres
  A deep troll earth mage (Vaults:3)
  2 tengu warriors (D:12)
  9 ogre magi
  8 orc high priests
  An iron golem (WizLab)
  14 deep elf knights
  2 fire crabs (shapeshifter)
  3 shadow wraiths
  2 skeletal warriors
  A sixfirhy (Orc:2)
  6 sea snakes
  An unseen horror (Vaults:1)
  A death drake (Lair:2)
  2 infernal demonspawn (Orc:2)
  3 flayed ghosts
  An unseen horror (shapeshifter) (WizLab)
  A torturous demonspawn (Orc:2)
  A glowing orange brain (Vaults:3)
  4 wizards
  7 deep trolls
  An obsidian statue (Vaults:2)
  11 deep elf archers
  Pikel (D:5)
  16 ironbrand convokers
  A swamp dragon (shapeshifter) (WizLab)
  15 orc knights
  3 phantasmal warriors
  2 necromancers
  18 orb spiders
  A harpy (Shoals:4)
  2 orb spiders (shapeshifter)
  A harpy (shapeshifter) (WizLab)
  A stone giant zombie (Vaults:4)
  7 orc sorcerers
  22 wolf spiders
  A shining eye (shapeshifter) (WizLab)
  37 ugly things
  54 deep elf magi
  A shadow dragon zombie (Vaults:4)
  A faun (shapeshifter) (WizLab)
  4 cyclopes
  8 fauns
  7 manticores
  A moth of wrath (Spider:4)
  9 merfolk sirens
  10 vault sentinels
  Maurice (D:10)
  14 elephants
  4 salamanders (shapeshifter)
  An ice statue (Abyss:2)
  4 black mambas
  Psyche (D:8)
  4 water nymphs
  A black mamba (shapeshifter) (WizLab)
  An eye of devastation (shapeshifter) (Vaults:3)
  9 spiny frogs
  3 centaur skeletons
  2 gargoyles
  19 yaktaurs
  4 rime drakes
  An ice devil (Orc:2)
  An elf (WizLab)
  5 komodo dragons
  8 demonic crawlers
  7 freezing wraiths
  5 trolls
  5 wind drakes (Shoals:1)
  2 meliai (shapeshifter)
  2 hornets (shapeshifter) (WizLab)
  A queen bee (shapeshifter) (WizLab)
  21 jumping spiders
  4 polar bears (Lair:6)
  19 merfolk
  8 hornets
  20 dream sheep
  15 blink frogs
  9 slime creatures (Vaults:2)
  8 large abominations
  A sphinx simulacrum (Vaults:1)
  3 blink frogs (shapeshifter) (WizLab)
  A stone giant simulacrum (Vaults:3)
  12 hippogriffs
  2 raiju (shapeshifter) (WizLab)
  8 snapping turtles
  2 shadows
  An air elemental (Elf:1)
  A tarantella (shapeshifter) (WizLab)
  26 tarantellas
  11 water elementals
  3 wraiths
  13 spriggans
  A wyvern (shapeshifter) (WizLab)
  2 fire elementals
  A basilisk (shapeshifter) (Vaults:3)
  66 redbacks
  A hog (shapeshifter) (Vaults:3)
  31 yaks
  4 basilisks
  2 yaks (shapeshifter)
  4 humans (WizLab)
  2 hungry ghosts
  A chaos spawn (Orc:2)
  A yaktaur simulacrum (Vaults:2)
  2 neqoxecs (Orc:2)
  5 wargs
  A soldier ant (D:12)
  3 acid dragons
  12 water moccasins
  4 floating eyes (WizLab)
  3 hell hounds (D:14)
  2 floating eyes (shapeshifter)
  7 porcupines
  A swamp drake (D:8)
  A black bear (shapeshifter) (WizLab)
  An ice beast (shapeshifter) (WizLab)
  A slave (D:5)
  3 black bears
  An elf zombie (Vaults:4)
  2 eyes of draining (shapeshifter) (WizLab)
  3 ice beasts
  An eye of draining (D:12)
  A necrophage (D:12)
  39 orc warriors
  3 boggarts (Lair:6)
  3 sky beasts
  28 ogres
  24 wolves
  9 centaurs
  A boggart (shapeshifter) (WizLab)
  A crocodile (shapeshifter) (WizLab)
  16 crocodiles
  2 big kobolds
  An earth elemental (Elf:2)
  13 bullfrogs
  A gnoll sergeant (D:9)
  A glowing shapeshifter simulacrum (Vaults:1)
  A human skeleton (Vaults:4)
  10 small abominations
  6 scorpions
  2 scorpions (shapeshifter) (WizLab)
  10 killer bees
  8 wights
  3 howler monkeys
  3 centaur zombies
  5 crimson imps
  8 hounds
  2 quasits
  A jelly (D:11)
  16 orc wizards
  36 orc priests
  Crazy Yiuf (D:7)
  A hound (shapeshifter) (WizLab)
  Ijyb (D:5)
  A gnoll shaman (D:5)
  2 iguanas
  Jessica (D:3)
  A bullfrog skeleton (D:5)
  4 hell rats (Lair:6)
  6 worker ants
  4 hound zombies
  2 worker ant zombies
  13 gnolls
  18 adders
  2 shadow imps
  3 oozes (D:1)
  2 adder zombies
  3 worms
  4 dart slugs
  4 leopard geckos
  A leopard gecko (shapeshifter) (WizLab)
  84 orcs
  A ball python (D:3)
  6 bats
  4 giant cockroaches
  2 goblins
  9 hobgoblins
  12 jackals
  14 kobolds
  3 quokkas
  6 frilled lizards
  A quokka zombie (D:5)
  4 rats
  6 crawling corpses (Elf:3)
  2 fungi
  2 plants
  2 tentacles (Shoals:1)
1498 creatures vanquished.

Vanquished Creatures (collateral kills)
  An emperor scorpion (Spider:2)
  A sea snake (Shoals:4)
  2 orb spiders
  3 redbacks (Spider:2)
  An orc priest (Orc:2)
8 creatures vanquished.

Vanquished Creatures (others)
  A stone giant (Vaults:2)
  An ironheart preserver (Vaults:4)
  2 deep elf archers (Elf:2)
  A wolf spider (Spider:2)
  3 yaktaurs
  A redback (Spider:2)
  A tarantella (Spider:1)
  An orc warrior (Orc:2)
  A centaur (D:11)
  An orc (WizLab)
  A rat (D:1)
  18 fungi
  10 plants
  10 tentacles (Shoals:1)
  A withered plant (D:15)
53 creatures vanquished.

Grand Total: 1559 creatures vanquished

Notes
Turn   | Place    | Note
-------+----------+-------------------------------------------
     0 | D:1      | happinesssam the Gargoyle Earth Elementalist began the
                  | quest for the Orb.
     0 | D:1      | Reached XP level 1. HP: 10/10 MP: 3/3
   125 | D:1      | Reached skill level 4 in Earth Magic
   249 | D:1      | Reached XP level 2. HP: 16/16 MP: 5/5
   461 | D:1      | Reached skill level 1 in Fighting
   586 | D:1      | Reached XP level 3. HP: 12/20 MP: 2/6
   875 | D:1      | Learned a level 3 spell: Stone Arrow
  1370 | D:2      | Found a sacrificial altar of Ru.
  1444 | D:2      | Reached XP level 4. HP: 26/26 MP: 7/7
  1888 | D:3      | Reached skill level 5 in Earth Magic
  1993 | D:3      | Noticed Jessica
  1999 | D:3      | Killed Jessica
  1999 | D:3      | Reached skill level 1 in Conjurations
  2021 | D:3      | Reached XP level 5. HP: 25/30 MP: 3/9
  2740 | D:3      | Reached skill level 6 in Earth Magic
  2740 | D:3      | Reached XP level 6. HP: 23/36 MP: 3/10
  4051 | D:4      | Found Loabasoi's Food Boutique.
  4229 | D:4      | Reached XP level 7. HP: 41/41 MP: 1/12
  4604 | D:5      | Entered Level 5 of the Dungeon
  4622 | D:5      | Reached skill level 7 in Earth Magic
  4834 | D:5      | Noticed Ijyb
  4838 | D:5      | Killed Ijyb
  4906 | D:5      | Noticed Pikel
  4914 | D:5      | Killed Pikel
  4914 | D:5      | Reached skill level 8 in Earth Magic
  4914 | D:5      | Reached XP level 8. HP: 46/46 MP: 2/14
  5026 | D:5      | Learned a level 2 spell: Passwall
  5032 | D:5      | Learned a level 5 spell: Lee's Rapid Deconstruction
  5781 | D:5      | Found a staircase to the Ecumenical Temple.
  5790 | Temple   | Entered the Ecumenical Temple
  5883 | Temple   | Became a worshipper of Vehumet
  6164 | D:5      | Reached skill level 9 in Earth Magic
  6453 | D:6      | Reached skill level 5 in Spellcasting
  6580 | D:6      | Reached skill level 5 in Conjurations
  6602 | D:6      | Got a distressingly furry leather armour
  6613 | D:6      | Identified the cursed +0 leather armour of Gagot {Dex+3}
                  | (You found it on level 6 of the Dungeon)
  6729 | D:6      | Found a basalt altar of Yredelemnul.
  6929 | D:7      | Reached skill level 10 in Earth Magic
  6929 | D:7      | Reached XP level 9. HP: 50/50 MP: 10/16
  7082 | D:7      | Found Jogeyhul's General Store.
  7087 | D:7      | Bought a potion of curing for 42 gold pieces
  7087 | D:7      | Bought a scroll of identify for 28 gold pieces
  7412 | D:7      | Reached * piety under Vehumet
  7412 | D:7      | Offered knowledge of Sting by Vehumet.
  7529 | D:7      | Noticed Harold
  7718 | D:7      | Found Kesadd's Antique Weapon Shoppe.
  7732 | D:7      | Found Ibuf's Assorted Antiques.
  7872 | D:7      | Bought a twisted leather armour for 147 gold pieces
  7872 | D:7      | Bought a scroll of identify for 42 gold pieces
  7872 | D:7      | Bought a scroll of identify for 42 gold pieces
  8076 | D:7      | Found a runed translucent door.
  8077 | D:7      | Noticed Crazy Yiuf
  8087 | D:7      | Killed Crazy Yiuf
  8114 | D:7      | Identified the cursed +0 leather armour of Basteume {rN+}
                  | (You bought it in a shop on level 7 of the Dungeon)
  8145 | D:7      | Found Gammoebb's General Store.
  8183 | D:7      | Got a pair of pitted boots
  8189 | D:7      | Identified the +2 pair of boots of Ethrakh {+Inv rF+} (You
                  | found it on level 7 of the Dungeon)
  8404 | D:7      | Bought a scroll of teleportation for 36 gold pieces
  8582 | D:8      | Reached skill level 11 in Earth Magic
  8776 | D:8      | Found Soigeiro's Elemental Accessories.
  8950 | D:7      | Bought 17 stones for 23 gold pieces
  9122 | D:8      | Got a translucent leather armour
  9134 | D:8      | Identified the +1 leather armour "Zutewyx" {MP+9 Slay+3
                  | Stlth+} (You found it on level 8 of the Dungeon)
  9159 | D:8      | Noticed Psyche
  9172 | D:8      | Found a white marble altar of Elyvilon.
  9240 | D:8      | Got a flickering bronze amulet
  9258 | D:8      | Identified the amulet "Raigapof" {*Corrode +Rage rF+++ MR-}
                  | (You found it on level 8 of the Dungeon)
  9289 | D:8      | Killed Psyche
  9289 | D:8      | Reached skill level 12 in Earth Magic
  9662 | D:8      | Reached skill level 13 in Earth Magic
  9731 | D:8      | Reached XP level 10. HP: 56/56 MP: 10/17
  9924 | D:8      | Found a staircase to the Lair.
 10246 | D:9      | Found a shimmering altar of Xom.
 10247 | D:9      | Found a shimmering altar of Xom.
 10248 | D:9      | Found a shimmering altar of Xom.
 10248 | D:9      | Found a shimmering altar of Xom.
 10373 | D:9      | Offered knowledge of Shock by Vehumet.
 10374 | D:9      | Reached ** piety under Vehumet
 10581 | D:9      | Found a shattered altar of Ashenzari.
 10584 | D:9      | Reached skill level 1 in Shields
 11265 | D:9      | Found a shimmering altar of Xom.
 11266 | D:9      | Found a shimmering altar of Xom.
 11267 | D:9      | Found a shimmering altar of Xom.
 11267 | D:9      | Found a shimmering altar of Xom.
 11359 | D:10     | Entered Level 10 of the Dungeon
 11361 | D:10     | Noticed Fannar
 11770 | Lair:1   | Entered Level 1 of the Lair of Beasts
 11940 | Lair:1   | Reached skill level 14 in Earth Magic
 11960 | Lair:1   | Offered knowledge of Throw Flame by Vehumet.
 11966 | Lair:1   | Reached skill level 5 in Fighting
 12162 | Lair:1   | Noticed a spiny frog
 12280 | Lair:1   | Noticed a spiny frog
 12332 | Lair:1   | Killed a spiny frog
 12444 | Lair:1   | Killed a spiny frog
 12444 | Lair:1   | Reached XP level 11. HP: 64/64 MP: 20/20
 12790 | Lair:1   | Reached *** piety under Vehumet
 12871 | Lair:1   | Learned a level 3 spell: Regeneration
 12967 | Lair:2   | Reached skill level 15 in Earth Magic
 13375 | Lair:2   | Noticed a death drake
 13375 | Lair:2   | an elephant changed into a death drake
 13382 | Lair:2   | Killed a death drake
 13701 | Lair:2   | Found a white marble altar of Elyvilon.
 14106 | Lair:3   | Noticed a four-headed hydra
 14158 | Lair:3   | Offered knowledge of Throw Icicle by Vehumet.
 14158 | Lair:3   | Reached XP level 12. HP: 72/72 MP: 23/23
 14367 | Lair:3   | Killed a four-headed hydra
 14622 | Lair:3   | Noticed an eight-headed hydra
 14642 | Lair:3   | Killed an eight-headed hydra
 15001 | Lair:3   | Found a staircase to the Shoals.
 15680 | Lair:4   | Found a hole to the Spider Nest.
 15748 | Lair:3   | Reached skill level 16 in Earth Magic
 16382 | Lair:4   | Reached **** piety under Vehumet
 16662 | Lair:4   | Noticed a four-headed hydra
 16672 | Lair:4   | Killed a four-headed hydra
 16672 | Lair:4   | Offered knowledge of Iskenderun's Battlesphere by Vehumet.
 16916 | Lair:5   | Noticed a five-headed hydra
 16924 | Lair:5   | Killed a five-headed hydra
 17309 | Lair:5   | Found a staircase to the Slime Pits.
 17309 | Lair:5   | Found a viscous altar of Jiyva.
 17771 | Lair:6   | Entered Level 6 of the Lair of Beasts
 17785 | Lair:6   | Reached XP level 13. HP: 79/80 MP: 26/26
 18124 | Lair:5   | Learned a level 5 spell: Iskenderun's Battlesphere
 18356 | Lair:6   | Reached skill level 10 in Fighting
 18399 | Lair:6   | Noticed Snorg
 18401 | Lair:6   | Reached skill level 10 in Conjurations
 18403 | Lair:6   | Killed Snorg
 18797 | Lair:6   | Reached ***** piety under Vehumet
 18853 | Lair:6   | Offered knowledge of Olgreb's Toxic Radiance by Vehumet.
 19089 | Lair:6   | Reached skill level 17 in Earth Magic
 19384 | Lair:6   | Reached skill level 10 in Spellcasting
 19387 | Lair:6   | Reached skill level 1 in Evocations
 19575 | Lair:6   | Reached skill level 1 in Charms
 19973 | Lair:6   | Gained mutation: Your large and strong wings let you fly
                  | indefinitely. [Gargoyle growth]
 19973 | Lair:6   | Reached XP level 14. HP: 88/88 MP: 22/28
 21212 | D:10     | Killed Fannar
 21439 | D:10     | Identified a scroll of acquirement
 21492 | D:10     | Offered knowledge of Airstrike by Vehumet.
 21509 | D:10     | Found a staircase to the Orcish Mines.
 21525 | D:10     | Noticed Maurice
 21527 | D:10     | Killed Maurice
 24088 | Orc:1    | Entered Level 1 of the Orcish Mines
 24440 | Orc:1    | Found a runed translucent gate.
 24440 | Orc:1    | Found a runed translucent gate.
 24440 | Orc:1    | Found a runed translucent gate.
 24442 | Orc:1    | Found an opulent altar of Gozag.
 24447 | Orc:1    | Noticed TheAlmogaver's ghost (journeyman GnWz)
 24600 | Orc:2    | Entered Level 2 of the Orcish Mines
 24975 | Orc:2    | Found a roughly hewn altar of Beogh.
 25095 | Orc:2    | Offered knowledge of Lightning Bolt by Vehumet.
 26054 | Orc:2    | Found Ychuisch's General Store.
 26055 | Orc:2    | Found Roelead's Magic Scroll Shop.
 26196 | Orc:2    | Bought a scroll of teleportation for 39 gold pieces
 26230 | Orc:2    | Reached skill level 5 in Charms
 26372 | Orc:2    | Gained mutation: Your magical capacity is low. (-10% MP) [a
                  | neqoxec]
 26375 | Orc:2    | Reached skill level 5 in Evocations
 26383 | Orc:2    | Reached XP level 15. HP: 96/96 MP: 7/26
 26666 | Orc:2    | Reached skill level 18 in Earth Magic
 27406 | Orc:2    | Found Detim's Antique Weapon Emporium.
 27406 | Orc:2    | Found Jim Ipol's Book Shoppe.
 27406 | Orc:2    | Found a one-way gate leading to the halls of Pandemonium.
 27412 | Orc:2    | Bought a book of the Earth for 910 gold pieces
 27481 | Orc:2    | Found a staircase to the Elven Halls.
 27883 | D:13     | Identified Theurgy Continued
 28221 | D:13     | Found a gate to the Vaults.
 28262 | D:13     | Learned a level 6 spell: Iron Shot
 28429 | D:13     | Found a runed translucent gate.
 28430 | D:13     | Found a runed translucent gate.
 28431 | D:13     | Found a runed translucent gate.
 28431 | D:13     | Noticed Karim's ghost (novice FoGl)
 28719 | D:14     | Found a portal to a secret trove of treasure.
 28867 | D:14     | Noticed Azrael
 28882 | D:14     | Killed Azrael
 29132 | D:14     | Noticed Louise
 29419 | D:15     | Entered Level 15 of the Dungeon
 30293 | Shoals:1 | Entered Level 1 of the Shoals
 30556 | Shoals:1 | Reached ****** piety under Vehumet
 30728 | Shoals:1 | Offered knowledge of Irradiate by Vehumet.
 30819 | Shoals:1 | Noticed a kraken
 31556 | Shoals:1 | Killed a kraken
 32080 | Shoals:2 | Reached XP level 16. HP: 87/104 MP: 12/27
 34884 | Shoals:4 | Entered Level 4 of the Shoals
 34947 | Shoals:4 | Got a barnacled rune of Zot
 34985 | Shoals:4 | Reached skill level 19 in Earth Magic
 35388 | Spider:1 | Entered Level 1 of the Spider Nest
 35388 | Spider:1 | Noticed Roxanne
 35932 | Spider:2 | Offered knowledge of Freezing Cloud by Vehumet.
 36118 | Spider:2 | Got a slimy copper ring
 36351 | Spider:2 | Reached skill level 1 in Polearms
 36717 | Spider:2 | Found a runed translucent gate.
 36717 | Spider:2 | Found a runed translucent gate.
 36717 | Spider:2 | Found a runed translucent gate.
 36720 | Spider:2 | Noticed Detar's ghost (adept HOFi)
 36760 | Spider:3 | Learned a level 9 spell: Shatter
 37194 | Spider:3 | Reached XP level 17. HP: 110/110 MP: 29/29
 37338 | Spider:3 | Reached skill level 5 in Dodging
 38162 | Spider:4 | Entered Level 4 of the Spider Nest
 39003 | Spider:4 | Offered knowledge of Poison Arrow by Vehumet.
 39179 | Spider:4 | Identified the +2 leather armour "Cowir" {Int+4 Slay+6}
                  | (You found it on level 4 of the Spider Nest)
 39205 | Spider:4 | Identified the ring "Toqaqoyl" {*Slow EV+3 Str+4 Dex+3}
                  | (You found it on level 2 of the Spider Nest)
 40565 | Spider:4 | Got a gossamer rune of Zot
 41271 | Spider:1 | Offered knowledge of Spellforged Servitor by Vehumet.
 41335 | Spider:1 | Killed Roxanne
 41557 | D:7      | Bought a ration for 60 gold pieces
 41557 | D:7      | Bought an uncursed staff of power for 300 gold pieces
 41557 | D:7      | Bought a ration for 60 gold pieces
 41557 | D:7      | Bought a scroll of enchant weapon for 90 gold pieces
 41557 | D:7      | Bought a ration for 60 gold pieces
 41757 | Vaults:1 | Entered Level 1 of the Vaults
 41879 | D:13     | Reached skill level 5 in Polearms
 41879 | D:13     | Reached XP level 18. HP: 86/117 MP: 30/30
 42113 | Vaults:1 | Reached skill level 20 in Earth Magic
 42657 | Vaults:1 | Found Fynn's Armour Boutique.
 42720 | Vaults:1 | Reached skill level 15 in Fighting
 43399 | Vaults:2 | Offered knowledge of Lehudib's Crystal Spear by Vehumet.
 43399 | Vaults:2 | Offered knowledge of Fire Storm by Vehumet.
 43399 | Vaults:2 | Offered knowledge of Tornado by Vehumet.
 43442 | Vaults:2 | Noticed Boris
 43478 | Vaults:2 | Paralysed by a sphinx for 3 turns
 43485 | Vaults:2 | Paralysed by a sphinx for 7 turns
 43714 | Vaults:1 | Learned a level 8 spell: Lehudib's Crystal Spear
 43871 | Vaults:2 | Killed Boris
 43871 | Vaults:2 | Noticed Mara
 43987 | Vaults:2 | Noticed happinesssam's illusion
 44548 | Vaults:2 | Reached XP level 19. HP: 124/124 MP: 28/32
 44990 | Vaults:2 | Killed Mara
 45151 | Vaults:2 | Found a staircase to the Crypt.
 45151 | Vaults:2 | Found a basalt altar of Yredelemnul.
 45152 | Vaults:2 | Found an ancient bone altar of Kikubaaqudgha.
 46239 | Vaults:3 | Reached skill level 21 in Earth Magic
 46399 | Vaults:3 | Paralysed by an orc sorcerer for 6 turns
 46681 | Vaults:3 | Reached XP level 20. HP: 102/132 MP: 31/34
 47683 | Vaults:4 | Noticed Boris
 47693 | Vaults:4 | Killed Boris
 47965 | Vaults:4 | Noticed Jory
 48015 | Vaults:4 | HP: 1/132 [Jory/crystal spear (55)]
 48030 | Vaults:4 | Identified the cursed +0 leather armour of Space {MR- Int-2
                  | SInv Stlth+}
 48767 | Vaults:4 | Found Yppy's Antique Armour Emporium.
 48943 | Vaults:4 | Killed Jory
 49566 | Elf:1    | Entered Level 1 of the Elven Halls
 49592 | Elf:1    | Found a magical portal.
 49601 | WizLab   | Entered Cigotuvi's Fleshworks
 49657 | WizLab   | Paralysed by a floating eye for 3 turns
 49802 | WizLab   | Reached skill level 10 in Dodging
 50016 | WizLab   | Reached skill level 15 in Spellcasting
 50033 | WizLab   | Identified Cigotuvi's Compendium of Unholy Moulding
 50206 | WizLab   | Got a glittering lapis lazuli ring
 50240 | WizLab   | Reached XP level 21. HP: 139/139 MP: 35/36
 50336 | Elf:1    | Identified the ring "Neqodwyi" {rF+ Stlth+} (You found it
                  | in a wizard's laboratory)
 50859 | Elf:1    | Reached skill level 10 in Polearms
 50863 | Elf:1    | Cast into level 2 of the Abyss (a deep elf demonologist)
 50886 | Elf:1    | Escaped the Abyss
 50898 | Elf:1    | Found a runed translucent gate.
 50898 | Elf:1    | Found a runed translucent gate.
 50898 | Elf:1    | Found a runed translucent gate.
 50898 | Elf:1    | Found a runed translucent gate.
 50898 | Elf:1    | Found a runed translucent gate.
 50898 | Elf:1    | Found a runed translucent gate.
 51022 | Elf:2    | Noticed Agnes
 51027 | Elf:2    | Killed Agnes
 51348 | Elf:2    | Found a huge runed translucent gate.
 51348 | Elf:2    | Found a huge runed translucent gate.
 51348 | Elf:2    | Found a huge runed translucent gate.
 51362 | Elf:2    | Found a huge runed translucent gate.
 51363 | Elf:2    | Found a huge runed translucent gate.
 51752 | Elf:3    | Entered Level 3 of the Elven Halls
 51985 | Elf:3    | Got a sheer robe
 51996 | Elf:3    | Identified the +1 robe of Gov Gish {rCorr Str+2} (You found
                  | it on level 3 of the Elven Halls)
 52742 | Elf:3    | Reached skill level 22 in Earth Magic
 52778 | Elf:3    | Reached skill level 5 in Shields
 52781 | Elf:3    | Identified the ring "Doyffamo" {rCorr rPois rC- Str+5
                  | Slay+3}
 52786 | Elf:3    | Reached XP level 22. HP: 79/146 MP: 37/37
 52859 | Elf:3    | Identified the +8 gold dragon scales of Vanity {rPois rF+
                  | rC+ MR- Int+5}
 52903 | Elf:3    | Got a transparent tin amulet
 52904 | Elf:3    | Identified the amulet of Xom's Best Wishes {rF++ Regen+
                  | Str-5 Dex+5} (You found it on level 3 of the Elven Halls)
 53117 | Elf:3    | Identified Kotanuo's Intricacies of Witchcraft
 53199 | Elf:3    | Identified the Papyrus of Dark Secrets and the Arsonist
 53762 | Vaults:5 | Entered Level 5 of the Vaults
 53784 | Vaults:5 | Noticed a golden dragon
 53790 | Vaults:5 | Killed a golden dragon
 53820 | Vaults:5 | Noticed an ancient lich
 53824 | Vaults:5 | Killed an ancient lich
 53832 | Vaults:5 | Hit by a large rock thrown by a stone giant

Skill      XL: |  1  2  3  4  5  6  7  8  9 10 11 12 13 14 15 16 17 18 19 20 21 22 |
---------------+-------------------------------------------------------------------+-----
Earth Magic    | 4 5 6 8 10 13 14 15 16 17 18 19 20 21 22 | 22.4
Fighting       | 1 2 3 5 7 9 10 12 13 14 15 16 17 18 | 18.1
Conjurations   | 1 2 4 5 6 7 9 10 11 12 13 14 | 14.0
Spellcasting   | 3 4 5 6 7 9 10 11 12 13 15 16 | 16.8
Shields        | 3 4 5 7 |  7.2
Evocations     | 2 5 6 7 |  7.0
Charms         | 2 5 |  5.0
Dodging        | 2 4 6 8 9 10 | 10.6
Polearms       | 1 5 7 8 9 10 11 | 11.3
Stealth        | |  2.1
Transmutations | |  0.7

Action                   |  1- 3 |  4- 6 |  7- 9 | 10-12 | 13-15 | 16-18 | 19-21 | 22-24 || total
-------------------------+-------+-------+-------+-------+-------+-------+-------+-------++-------
Melee: Dagger            |    42 |   118 |     2 |       |     5 |       |       |       ||   167
       Club              |     3 |       |       |       |       |       |       |       ||     3
       Whip              |       |       |    86 |    23 |    50 |       |       |       ||   159
       Quarterstaff      |       |       |       |    38 |       |       |       |       ||    38
       Demon trident     |       |       |       |       |   108 |   550 |   556 |    22 ||  1236
       Staff             |       |       |       |       |       |       |       |     8 ||     8
Throw: Javelin           |    42 |    20 |       |       |       |       |       |       ||    62
       Stone             |     2 |       |       |       |       |       |       |       ||     2
       Tomahawk          |       |     4 |       |       |       |       |       |       ||     4
 Cast: Sandblast         |    32 |    28 |     9 |     1 |    16 |    15 |     5 |     5 ||   111
       Stone Arrow       |       |    28 |    83 |   163 |   436 |   155 |     7 |       ||   872
       Lee's Rapid Decon |       |       |    28 |    91 |   237 |    81 |    62 |     9 ||   508
       Iskenderun's Batt |       |       |       |       |    62 |    48 |       |       ||   110
       Iron Shot         |       |       |       |       |    27 |   153 |    30 |     5 ||   215
       Regeneration      |       |       |       |       |       |    10 |    17 |     6 ||    33
       Lehudib's Crystal |       |       |       |       |       |    11 |    44 |    10 ||    65
       Shatter           |       |       |       |       |       |     4 |    79 |    13 ||    96
 Abil: Fly               |       |       |       |       |     3 |       |       |       ||     3
       Stop Flying       |       |       |       |       |     2 |       |       |       ||     2
Evoke: Wand              |       |       |     4 |       |       |    16 |     7 |     3 ||    30
       Sack of spiders   |       |       |       |       |     1 |     1 |       |       ||     2
       Lightning rod     |       |       |       |       |       |     4 |       |       ||     4
       Box of beasts     |       |       |       |       |       |     4 |       |       ||     4
       Phantom mirror    |       |       |       |       |       |       |       |     1 ||     1
  Use: Scroll            |       |       |    11 |     3 |    25 |    11 |     9 |     4 ||    63
       Potion            |       |       |     1 |       |       |     6 |     4 |     7 ||    18
 Stab: Distracted        |       |       |       |     1 |       |     2 |       |     1 ||     4
       Sleeping          |       |       |       |       |     2 |     3 |     2 |       ||     7
       Paralysed         |       |       |       |       |       |       |     5 |       ||     5
  Eat: Chunk             |     2 |    12 |    29 |    34 |    87 |    68 |    93 |    10 ||   335
       Ration            |       |       |     1 |     6 |     7 |    12 |     4 |     1 ||    31
Armor: Robe              |    27 |    53 |    26 |       |       |       |       |       ||   106
       Leather armour    |       |       |    40 |   104 |   224 |   446 |   182 |    36 ||  1032
Dodge: Dodged            |    67 |   108 |    68 |    71 |   164 |   435 |   178 |    33 ||  1124
Block: Other             |       |     2 |    19 |    15 |       |       |       |       ||    36
       Buckler           |       |       |       |     2 |   163 |   365 |   174 |    33 ||   737
       Reflection        |       |       |       |       |    15 |    20 |    33 |     1 ||    69
